 Dungeon Sprint DCSS version 0.32-a0-898-g7811c86cf0 (webtiles) character file.

Game seed: 14691901497820709748

26 crux the Changeling (level 3, -13/34 HPs)
             Began as an Octopode Shapeshifter on Apr 5, 2024.
             Mangled by an ogre
             ... wielding a +0 giant spiked club
              (19 damage)
             ... in the Dungeon (Sprint I: "Red Sonja").
             The game lasted 00:03:40 (259 turns).

crux the Changeling (Octopode Shapeshifter)          Turns: 259, Time: 00:03:40

Health: -13/34     AC: 21    Str: 15    XL:     3   Next: 8%
Magic:  3/3        EV:  2    Int: 12    God:
Gold:   0          SH:  0    Dex: 11    Spells: 2/2 levels left

rFire   . .          .
                       - Unarmed
rCold   . . .        (no shield)
rNeg    . . .        (helmet currently unavailable)
rPois   +            (no amulet)
rElec   .            (no ring)
rCorr   .            (no ring)
SInv    .            (no ring)
Will    .....        (no ring)
Stlth   +            (no ring)
HPRegen 0.25/turn    (no ring)
MPRegen 0.08/turn    (no ring)
                     (no ring)

%: no teleportation
@: tree-form
A: stationary, stasis, torment immunity, boosted hp, almost no armour,
(amphibious), 8 rings, (camouflage 1), (gelatinous body 1), (nimble swimmer 1),
(tentacles)
a: no special abilities


You were in the Dungeon.
You were a tree.
You visited 1 branch

Inventory:

Talismans
 b - a beast talisman
 c - a flux talisman (active)
Wands
 h - a wand of charming (8)
Scrolls
 i - a scroll of blinking
Potions
 d - a potion of curing
 e - a potion of heal wounds
 f - a potion of haste
 g - 2 potions of magic


   Skills:
 + Level 1.2 Fighting
 + Level 2.6 Dodging
 + Level 4.6 Unarmed Combat
 + Level 4.8 Shapeshifting


You had 2 spell levels left.
You didn't know any spells.
Your spell library was empty.

Dungeon Overview and Level Annotations

Branches:
Dungeon (1/1)

Altars:


Innate Abilities, Weirdness & Mutations

You are a tree.
Your roots penetrate the ground, keeping you stationary.
You cannot be teleported.
You are immune to unholy pain and torment.
Your maximum health is greatly increased.
You cannot wear most types of armour.
((You are amphibious.))
You can wear up to eight rings at the same time.
((Your skin changes colour to match your surroundings (Stealth+).))
((Your rubbery body absorbs attacks. (AC +1, EV +1)))
((You are camouflaged when in or above water. (Stealth+)))
((You have tentacles for arms and can constrict up to eight enemies at once.))


Message History

Your Shapeshifting skill increases to level 4!
You have reached level 2!
You have reached level 3!
Your experience leads to an increase in your attributes!
Increase (S)trength, (I)ntelligence, or (D)exterity?
You feel stronger. x2
h - a wand of charming (8)
There is an open door here.
Things that are here:
a +0 dagger; a +0 leather armour You start waiting.
You feel yourself speed up.
You start waiting.
You recover from your berserk rage.
You start waiting.
Done waiting.
You start waiting.
Done waiting.
You open the door.
An ogre comes into view. It is wielding a +0 giant spiked club.
Okay, then.
Unknown background choice: Transmuter Welcome back, crux the Octopode Shapeshifter. [Dungeon Sprint] Press ? for a list of commands and other information.
Your transformation has ended.
You turn into a tree.
Your roots penetrate the ground.
You barely miss the ogre.
The ogre hits you with a +0 giant spiked club!!
Ouch! That really hurt!
* * * LOW HITPOINT WARNING * * *
You hit the ogre.
The ogre is lightly wounded.
You barely miss the ogre.
The ogre is lightly wounded.
The ogre hits you but does no damage.
You hit the ogre.
The ogre is lightly wounded.
The ogre hits you with a +0 giant spiked club!!
Ouch! That really hurt!
You die...

##########
#<.#.♣O..#
#..[..#..+
#..#### +#
#..# #..#
#..# #⌠⌠#
####


You could see an ogre.

Vanquished Creatures
  Ijyb (D)
1 creature vanquished.

Notes
Turn   | Place    | Note
-------+----------+-------------------------------------------
     0 | D        | crux the Octopode Shapeshifter began the quest for the Orb.
     0 | D        | Reached XP level 1. HP: 13/13 MP: 1/1
     9 | D        | Noticed Ijyb
    21 | D        | Killed Ijyb
    22 | D        | Reached XP level 2. HP: 14/18 MP: 2/2
    22 | D        | Reached XP level 3. HP: 18/23 MP: 3/3
   254 | D        | Noticed an ogre
   259 | D        | Mangled by an ogre

Illustrated notes

Levels and vault maps discovered:
D:        dungeon_sprint_1 [red_sonja_temple_1, red_sonja_temple_small_1]

Skill      XL: |  1 |
---------------+----+-----
Unarmed Combat | 4 |  4.6
Shapeshifting  | 4 |  4.8
Fighting       | |  1.2
Dodging        | |  2.6

Action                     || total
---------------------------++-------
  Melee: Unarmed           ||    11
         Tentacles         ||     2
         Constrict         ||     1
    Use: Potion            ||     2
 Armour: Skin              ||     4
  Dodge: Dodged            ||     5
   Form: Flux              ||     1

Table legend: (Time is in decaauts)
 A = Elapsed time spent in this place.
 B = Non-inter-level travel time spent in this place.
 C = Inter-level travel time spent in this place.
 D = Time resting spent in this place.
 E = Time spent auto-exploring this place.
 F = Levels seen in this place.
 G = Mean time per level.
                   A        B        C        D        E       F      G
               +--------+--------+--------+--------+--------+-----+--------+
         Total |    265 |    265 |      0 |    231 |      0 |   1 |  265.0 |
       Dungeon |    265 |    265 |      0 |    231 |      0 |   1 |  265.0 |
               +--------+--------+--------+--------+--------+-----+--------+

Top non-repeatable levels by time:
       D: 265 daAuts
